 Dungeon Crawl Stone Soup version 0.28.0-53-g5a82cb258f (console) character file.

Game seed: 6932527092394731154

11015 Banquo the Thaumaturge (level 12, -7/85 HPs)
             Began as a Djinni Earth Elementalist on May 22, 2022.
             Mangled by a boulder beetle (23 damage)
             ... on level 11 of the Dungeon.
             The game lasted 01:00:30 (17941 turns).

Banquo the Thaumaturge (Djinni Earth Elementalist) Turns: 17941, Time: 01:00:31

Health: -7/85      AC:  9    Str:  7    XL:     12   Next: 2%
Gold:   1202       EV: 12    Int: 21    God:
                   SH:  0    Dex: 15

rFire   + + .      SeeInvis +   b - +0 staff of Battle
rCold   . . .      Faith    .   (no shield)
rNeg    . . .      Spirit   .   x - +1 ring mail {rC+}
rPois   ∞          Reflect  .   h - +0 helmet {SInv}
rElec   .          Harm     .   (no cloak)
rCorr   .          Rampage  .   g - +0 pair of gloves
Will    +....                   (boots unavailable)
Stlth   +.........              (no amulet)
HPRegen 0.24/turn               K - +4 ring of slaying
MPRegen 0.00/turn               (no ring)

@: flying, very slightly contaminated
A: sickness immunity, fire resistance 2, cold vulnerability 1, float, innate
caster, HP casting, extra vitality 1
a: no special abilities


You were on level 11 of the Dungeon.
You visited 1 branch of the dungeon, and saw 11 of its levels.

You collected 1894 gold pieces.
You spent 692 gold pieces at shops.

Inventory:

Hand Weapons
 a - the +6 spear of Dim Light {freeze, rElec rPois rC+}
   (You bought it in a shop on level 9 of the Dungeon)

   It freezes those it strikes, dealing additional cold damage.
   It can also slow down cold-blooded creatures.
   rC:        It protects you from cold.
   rElec:     It insulates you from electricity.
   rPois:     It protects you from poison.
 b - the +0 staff of Battle (weapon)
   (You acquired it on level 10 of the Dungeon)

   It enhances your conjuration magic.
   It summons a battlesphere in combat, with strength depending on Conjurations
   skill.
   Its strikes trigger the battlesphere's blasts.
 y - a +0 mace of holy wrath
 I - a +4 spear
 N - a +2 war axe of flaming
 T - the +9 scimitar of Doom {vorpal, Fly rC- Will+++ Str+5}
   (You bought it in a shop on level 9 of the Dungeon)

   It inflicts extra damage upon your enemies.
   Str:       It affects your strength (+5).
   rC:        It makes you vulnerable to cold.
   Fly:       It grants you flight.
   Will:      It greatly increases your willpower.
Missiles
 c - 208 stones
 i - 2 throwing nets
 j - 33 poisoned darts
 M - 4 boomerangs
Armour
 g - a +0 pair of gloves (worn)
 h - a +0 helmet of see invisible (worn)
 x - a +1 ring mail of cold resistance (worn)
 z - +0 steam dragon scales
 R - a +1 helmet
Magical Staves
 e - a staff of cold
 L - a staff of earth
Jewellery
 K - a +4 ring of slaying (left hand)
Wands
 d - a wand of flame (8)
 q - a wand of digging (4)
 r - a wand of acid (13)
 B - a wand of iceblast (13)
 F - a wand of polymorph (9)
 J - a wand of mindburst (16)
Scrolls
 f - 6 scrolls of teleportation {unknown}
 k - a scroll of acquirement
 m - 2 scrolls of blinking
 p - 4 scrolls of magic mapping {unknown}
 v - a scroll of noise
Potions
 l - 2 potions of brilliance
 n - 2 potions of curing
 o - 2 potions of berserk rage {unknown}
 s - 2 potions of heal wounds
 t - 2 potions of might
 C - a potion of ambrosia
 D - a potion of invisibility
 E - a potion of resistance
 O - a potion of haste
 P - a potion of attraction {unknown}


   Skills:
 * Level 7.4 Fighting
 * Level 5.1 Armour
 * Level 7.2 Dodging
 - Level 1.5 Stealth
 + Level 11.5 Spellcasting


You had 9 spell levels left.
You knew the following spells:

 Your Spells              Type           Power      Damage    Failure   Level
a - Airstrike             Air            28%        N/A       1%          4
b - Apportation           Tloc           100%       N/A       1%          1
c - Corpse Rot            Necr/Air       100%       N/A       1%          2
d - Petrify               Tmut/Erth      57%        N/A       1%          4
e - Portal Projectile     Hex/Tloc       100%       N/A       1%          3
f - Sandblast             Erth           100%       2d20      1%          1
g - Blade Hands           Tmut           28%        N/A       4%          5
p - Passwall              Tmut/Erth      47%        N/A       1%          2
z - Stone Arrow           Conj/Erth      100%       3d13      1%          3
Your spell library was empty.

Dungeon Overview and Level Annotations

Branches:
Dungeon (11/15)            Temple (0/1) D:4            Lair (0/6) D:11
    Orc (0/2) D:9

Altars:
Makhleb
Nemelex Xobeh
Beogh

Shops:
D:5 *   D:9 (

Annotations:
D:9 3 runed translucent doors, Quickbrownfox's ghost, novice DsIE; jaiteiro's ghost, journeyman BaEE
D:11 2 runed translucent doors, 1 transporter


Innate Abilities, Weirdness & Mutations

You are immune to sickness and miasma.
You are immune to poison.
Your flesh is very heat resistant. (rF++)
You are vulnerable to cold. (rC-)
You float through the air rather than walking.
You learn spells naturally, not from books.
Your magical power is your life essence.
You have superior vitality. (+4 MHP)


Message History

Confirm with . or Enter, or press ? or * to list all spells.
Aiming: Stone Arrow (safe; 1% risk of failure)
Press: ? - help, Shift-Dir - straight line, f/p - boulder beetle
Aim: a boulder beetle (heavily wounded, 100% to hit)
You feel a surge of power!
The stone arrow hits the boulder beetle!
The boulder beetle is severely wounded.
The boulder beetle barely misses you.
Casting: Stone Arrow (safe; 1% risk of failure)
Confirm with . or Enter, or press ? or * to list all spells.
Aiming: Stone Arrow (safe; 1% risk of failure)
Press: ? - help, Shift-Dir - straight line, f/p - boulder beetle
Aim: a boulder beetle (severely wounded, 100% to hit)
You feel a surge of power!
The stone arrow hits the boulder beetle.
The boulder beetle is severely wounded.
The centaur shoots an arrow.
The arrow barely misses your battlesphere.
The arrow hits you!
* * * LOW HITPOINT WARNING * * *
The boulder beetle bites you!
* * * LOW HITPOINT WARNING * * *
Unknown command.
You feel much better.
The centaur shoots an arrow.
The arrow closely misses you. The boulder beetle bites you.
Unknown command.
Press: ? - help, v - describe, . - travel
Here: a boulder beetle (severely wounded, ally target)
The floor.
Unknown command.
The centaur shoots an arrow.
The arrow misses you.
The centaur shoots an arrow.
The arrow hits you.
* * * LOW HITPOINT WARNING * * *
The boulder beetle curls into a ball and begins rolling!
Unknown command.
You swap places.
The centaur shoots an arrow.
The arrow hits you.
* * * LOW HITPOINT WARNING * * *
Unknown command.
The boulder beetle hits you!!
You die...

.# #.##.# #.....###.##.#
## .# #.##.#
#.....§...##.# .#
#.##.#####...§.....##.#
.#
##.##.......###°##c.##.#
.# #.........°.###.## .#
.######.........°......c.
..
........###.####○.###.##.
c. #########
#.####B.###... .
######.....@..*..#.
#..................
.....#########..##....
### #<....... #####...#
###


You could see a boulder beetle (rolling, ally target) and a friendly
battlesphere.

Vanquished Creatures
  A hydra (D:11)
  A two-headed ogre (D:9)
  Pikel (D:8)
  An ugly thing (D:10)
  A kobold demonologist (D:11)
  A troll (D:9)
  A shadow (D:10)
  19 yaks
  Grum (D:8)
  A steam dragon (D:7)
  2 water moccasins (D:7)
  An ice beast (D:6)
  13 orc warriors
  A black bear (D:11)
  4 boggarts (D:11)
  A necrophage (D:4)
  2 wolves (D:8)
  3 centaurs
  4 ogres
  A wyvern zombie (D:9)
  3 bullfrogs
  3 scorpions
  A water moccasin zombie (D:5)
  2 water moccasin skeletons
  10 wights
  A howler monkey (D:6)
  2 centaur zombies
  6 jellies
  A gnoll shaman (D:4)
  2 hounds
  8 orc priests
  A bullfrog skeleton (D:7)
  2 iguanas (D:4)
  A scorpion zombie (D:5)
  10 orc wizards
  A hound skeleton (D:4)
  Robin (D:2)
  2 howler monkey zombies
  7 gnolls
  5 adders
  A shadow imp (D:8)
  6 dart slugs
  58 orcs
  2 bats
  11 endoplasms
  8 giant cockroaches
  15 goblins
  9 hobgoblins
  8 jackals
  23 kobolds
  5 quokkas
  6 ball pythons
  2 frilled lizards
  4 rats
287 creatures vanquished.

Vanquished Creatures (others)
  24 fungi
  8 plants
  8 toadstools
40 creatures vanquished.

Grand Total: 327 creatures vanquished

Notes
Turn   | Place    | Note
-------+----------+-------------------------------------------
     0 | D:1      | Banquo the Djinni Earth Elementalist began the quest for
                  | the Orb.
     0 | D:1      | Reached XP level 1. HP: 15/15 MP: 0/0
   217 | D:1      | Reached XP level 2. HP: 18/22 MP: 0/0
   748 | D:1      | Reached skill level 1 in Fighting
   784 | D:1      | Reached XP level 3. HP: 20/27 MP: 0/0
   784 | D:1      | Learned a level 1 spell: Apportation
   898 | D:1      | Reached skill level 3 in Spellcasting
  2149 | D:2      | Reached XP level 4. HP: 31/32 MP: 0/0
  2937 | D:2      | Found a faded altar of an unknown god.
  2981 | D:2      | Noticed Robin
  3208 | D:2      | Killed Robin
  3325 | D:2      | Found a faded altar of an unknown god.
  4421 | D:3      | Reached XP level 5. HP: 35/38 MP: 0/0
  4421 | D:3      | Learned a level 2 spell: Corpse Rot
  4650 | D:3      | Found a sparkling altar of Nemelex Xobeh.
  4926 | D:3      | Reached skill level 4 in Spellcasting
  4991 | D:3      | Reached XP level 6. HP: 31/43 MP: 0/0
  5921 | D:4      | Reached XP level 7. HP: 44/49 MP: 0/0
  5921 | D:4      | Learned a level 3 spell: Portal Projectile
  5928 | D:4      | Reached skill level 5 in Spellcasting
  6212 | D:4      | You are sucked into a shaft and drop 3 floors!
  6279 | D:7      | Noticed a steam dragon
  6283 | D:7      | Killed a steam dragon
  6699 | D:5      | Entered Level 5 of the Dungeon
  6824 | D:4      | Reached XP level 8. HP: 39/56 MP: 0/0
  6970 | D:4      | Reached skill level 6 in Spellcasting
  7694 | D:4      | Found a staircase to the Ecumenical Temple.
  8183 | D:5      | Reached skill level 7 in Spellcasting
  8196 | D:5      | Found Doeschow's General Store.
  8230 | D:5      | Bought a scroll of blinking for 90 gold pieces
  8814 | D:6      | Reached XP level 9. HP: 49/62 MP: 0/0
  8814 | D:6      | Learned a level 4 spell: Airstrike
  9657 | D:6      | Reached skill level 1 in Armour
 10418 | D:7      | Reached skill level 8 in Spellcasting
 11146 | D:7      | Reached skill level 5 in Fighting
 11356 | D:8      | Noticed Grum
 11362 | D:8      | Killed Grum
 11836 | D:8      | Reached XP level 10. HP: 52/70 MP: 0/0
 12003 | D:8      | Noticed Pikel
 12006 | D:8      | Killed Pikel
 12007 | D:8      | Reached skill level 9 in Spellcasting
 12414 | D:8      | Found a burning altar of Makhleb.
 12474 | D:9      | Reached skill level 5 in Dodging
 12483 | D:9      | Noticed a two-headed ogre
 12486 | D:9      | Killed a two-headed ogre
 12668 | D:9      | Found Citt's Antique Weapon Emporium.
 12844 | D:9      | Found Xowenlix's Antique Armour Shoppe.
 14080 | D:9      | Reached skill level 10 in Spellcasting
 14085 | D:9      | Reached XP level 11. HP: 54/77 MP: 0/0
 14085 | D:9      | Learned a level 5 spell: Blade Hands
 15131 | D:9      | Found a staircase to the Orcish Mines.
 15403 | D:9      | Found a runed translucent gate.
 15404 | D:9      | Found a runed translucent gate.
 15404 | D:9      | Found a runed translucent gate.
 15404 | D:9      | Noticed Quickbrownfox's ghost (novice DsIE)
 15404 | D:9      | Noticed jaiteiro's ghost (journeyman BaEE)
 15511 | D:10     | Entered Level 10 of the Dungeon
 15691 | D:10     | Identified 3 scrolls of acquirement
 15693 | D:10     | Acquired the +0 staff of Battle
 15693 | D:10     | Found the +0 staff of Battle
 15696 | D:10     | Acquired 1198 gold pieces
 15866 | D:5      | Bought a scroll of blinking for 90 gold pieces
 15866 | D:5      | Bought a +0 helmet of see invisible for 138 gold pieces
 15984 | D:9      | Bought a warped spear for 176 gold pieces
 15984 | D:9      | Identified the +6 spear of Dim Light {freeze, rElec rPois
                  | rC+} (You bought it in a shop on level 9 of the Dungeon)
 15984 | D:9      | Bought a crude scimitar for 198 gold pieces
 15984 | D:9      | Identified the +9 scimitar of Doom {vorpal, Fly rC- Will+++
                  | Str+5} (You bought it in a shop on level 9 of the Dungeon)
 16364 | D:10     | Reached skill level 11 in Spellcasting
 16653 | D:10     | Noticed a green ugly thing
 16658 | D:10     | Killed a green ugly thing
 17258 | D:11     | Found a staircase to the Lair.
 17301 | D:11     | Noticed an eight-headed hydra
 17306 | D:11     | Killed an eight-headed hydra
 17524 | D:11     | Found a runed translucent gate.
 17524 | D:11     | Found a runed translucent gate.
 17730 | D:11     | Noticed a centaur warrior
 17731 | D:11     | Reached skill level 5 in Armour
 17733 | D:11     | Reached XP level 12. HP: 66/85 MP: 0/0
 17897 | D:11     | Found a transporter.
 17926 | D:11     | Noticed a boulder beetle
 17941 | D:11     | Mangled by a boulder beetle

Illustrated notes

Levels and vault maps discovered:
D:1:      co_arrival_random_square_maze, layout_basic, minmay_indecisive_spiral
D:2:      layout_basic, shapermc_ecumenical_altar_mp_ritualfount,
          minmay_tetromino_o2, uniq_robin
D:3:      cheibrodos_fertilizer, layout_basic, nicolae_overflow_hidden_temple,
          chequers_serial_rivers_micro_e, feat_on_display
D:4:      layout_cave_pods, minmay_temple_entry_junction
D:5:      layout_cave_pools, serial_shops, shop, minmay_misc_feat_nine_boxes,
          minmay_gold_behind_fungi, supply_closet_lemuel
D:6:      corexii_shack_village, layout_basic
D:7:      layout_loops_ring
D:8:      layout_basic, lemuel_round_altar, uniq_grum, uniq_pikel
D:9:      layout_roguey, david_orc_5, special_room [special_room_orc],
          gammafunk_ghost_cemetery, serial_shops, shop_fountains,
          nicolae_shop_crystal
D:10:     layout_gridville
D:11:     gammafunk_cloud_chamber, layout_loops_ring,
          grunt_lair_entry_orc_guard_hut, nicolae_trove_entry_crystal,
          gammafunk_ghost_necromancy

Skill      XL: |  1  2  3  4  5  6  7  8  9 10 11 |
---------------+----------------------------------+-----
Fighting       | 1 2 3 4 5 6 7 |  7.4
Spellcasting   | 3 4 5 7 8 10 11 | 11.5
Dodging        | 3 4 5 7 |  7.2
Armour         | 2 4 5 |  5.1
Stealth        | |  1.5

Action                   |  1- 3 |  4- 6 |  7- 9 | 10-12 || total
-------------------------+-------+-------+-------+-------++-------
Melee: Whip              |    20 |       |       |       ||    20
 Cast: Sandblast         |    28 |    48 |     7 |     2 ||    85
       Stone Arrow       |    15 |    40 |    88 |   106 ||   249
       Airstrike         |       |       |    59 |   110 ||   169
  Use: Scroll            |       |       |    11 |     7 ||    18
       Potion            |       |       |       |     1 ||     1
Armor: Robe              |     7 |     4 |       |       ||    11
       Steam dragon scal |       |       |     8 |       ||     8
       Ring mail         |       |       |       |     6 ||     6
Dodge: Dodged            |    14 |    11 |    11 |    14 ||    50
